 Dungeon Crawl Stone Soup version 0.26.1-11-gd32895ea62 (webtiles) character file.

Game seed: 18170312596771193414

73550 phalm the Thaumaturge (level 15, -2/17 (115) HPs)
             Began as a Gnoll Conjurer on June 7, 2021.
             Was the Champion of Cheibriados.
             Slain by a catoblepas (11 damage)
             ... on level 6 of the Lair of Beasts.
             The game lasted 00:53:58 (25349 turns).

phalm the Thaumaturge (Gnoll Conjurer)             Turns: 25349, Time: 00:53:59

HP:   -2/17 (115)   AC: 10    Str: 25    XL:     15   Next: 43%
MP:   23/30         EV: 22    Int: 48    God:    Cheibriados [******]
Gold: 1773          SH:  0    Dex: 23    Spells: 4/36 levels left

rFire    . . .     SeeInvis .   a - staff of conjuration {!a}
rCold    + + .     Faith    .   (no shield)
rNeg     . . .     Spirit   .   B - +2 robe {rC+ rF+}
rPois    +         Reflect  .   i - +0 helmet
rElec    .         Harm     .   (no cloak)
rCorr    .         Rampage  .   N - +1 pair of gloves
Will     +....                  G - +0 pair of boots
Stlth    +++++.....             J - amulet of magic regeneration
HPRegen  0.05/turn              f - ring "Ciwn" {+Inv +Fly rPois Int+6 Dex-5}
MPRegen  0.47/turn              C - ring of ice

@: very slightly contaminated, extremely drained, invisible, very slow
A: distributed training, fangs 1, strong nose
a: Renounce Religion, Evoke Invisibility, Evoke Flight, Bend Time, Temporal
Distortion, Slouch, Step From Time


You were on level 6 of the Lair of Beasts.
You worshipped Cheibriados.
Cheibriados was exalted by your worship.
You visited 4 branches of the dungeon, and saw 18 of its levels.
You also visited: Sewer, Ice Cave and Volcano.

You collected 2376 gold pieces.
You spent 603 gold pieces at shops.


Innate Abilities, Weirdness & Mutations

Your experience applies equally to all skills.
You have very sharp teeth.
Your uncanny sense of smell can sniff out nearby items.


   Skills:
 + Level 10.0 Fighting
 + Level 10.0 Short Blades
 + Level 10.0 Long Blades
 + Level 10.0 Axes
 + Level 10.0 Maces & Flails
 + Level 10.0 Polearms
 + Level 10.0 Staves
 + Level 10.0 Slings
 + Level 10.0 Bows
 + Level 10.0 Crossbows
 + Level 10.0 Throwing
 + Level 10.0 Armour
 + Level 11.0 Dodging
 + Level 10.8 Stealth
 + Level 10.0 Shields
 + Level 10.0 Unarmed Combat
 + Level 11.1 Spellcasting
 + Level 10.9 Conjurations
 + Level 8.4 Hexes
 + Level 8.4 Summonings
 + Level 8.4 Necromancy
 + Level 8.4 Translocations
 + Level 8.4 Transmutations
 + Level 8.4 Fire Magic
 + Level 8.4 Ice Magic
 + Level 8.4 Air Magic
 + Level 8.4 Earth Magic
 + Level 8.4 Poison Magic
 + Level 10.9 Invocations
 + Level 10.0 Evocations


You had 4 spell levels left.
You knew the following spells:

 Your Spells              Type           Power        Failure   Level
b - Bolt of Magma         Conj/Fire/Erth 54%          1%          5
f - Fulminant Prism       Conj/Hex       55%          1%          4
l - Summon Lightning Spi  Summ/Air       83%          1%          4
m - Magic Dart            Conj           100%         0%          1
o - Olgreb's Toxic Radia  Pois           83%          1%          4
s - Searing Ray           Conj           100%         0%          2
X - Iskenderun's Mystic   Conj/Tloc      100%         1%          4
Y - Ignite Poison         Fire/Tmut/Pois 83%          1%          3
Z - Fireball              Conj/Fire      55%          1%          5

Your spell library contained the following spells:

 Spells                   Type           Power        Failure   Level
 Foxfire                  Conj/Fire      100%         0%          1
 Apportation              Tloc           100%         1%          1
 Corona                   Hex            92%          1%          1
 Sandblast                Erth           100%         1%          1
 Sting                    Tmut/Pois      100%         1%          1
 Summon Small Mammal      Summ           100%         1%          1
 Call Imp                 Summ           83%          1%          2
 Ensorcelled Hibernation  Hex/Ice        100%         1%          2
 Passwall                 Tmut/Erth      69%          1%          2
 Poisonous Vapours        Pois/Air       100%         1%          2
 Call Canine Familiar     Summ           83%          1%          3
 Confusing Touch          Hex            83%          1%          3
 Conjure Flame            Conj/Fire      100%         1%          3
 Dazzling Flash           Conj/Hex       100%         1%          3
 Inner Flame              Hex/Fire       83%          1%          3
 Lesser Beckoning         Tloc           41%          1%          3
 Mephitic Cloud           Conj/Pois/Air  100%         1%          3
 Stone Arrow              Conj/Erth      100%         1%          3
 Summon Guardian Golem    Hex/Summ       83%          1%          3
 Tukima's Dance           Hex            83%          1%          3
 Cause Fear               Hex            41%          1%          4
 Petrify                  Tmut/Erth      83%          1%          4
 Sticky Flame             Conj/Fire      100%         1%          4
 Summon Ice Beast         Ice/Summ       100%         1%          4
 Alistair's Intoxication  Tmut/Pois      55%          1%          5
 Iskenderun's Battlesphe  Conj           100%         1%          5
 Lee's Rapid Deconstruct  Erth           41%          1%          5
 Silence                  Hex/Air        41%          1%          5
 Yara's Violent Unravell  Hex/Tmut       41%          1%          5
 Conjure Ball Lightning   Conj/Air       55%          2%          6
 Iron Shot                Conj/Erth      55%          2%          6
 Invisibility             Hex            83%          4%          6
 Orb of Destruction       Conj           57%          9%          7
 Spellforged Servitor     Conj/Summ      55%          14%         7
 Discord                  Hex            41%          88%         8
 Tornado                  Air            41%          100%        9

Inventory:

Hand Weapons
 b - a +3 hunting sling of freezing
   (You took it off Joseph on level 7 of the Dungeon)
Missiles
 u - 17 poisoned darts
 L - 55 sling bullets
 R - 6 boomerangs of dispersal {=f!f}
 X - 2 atropa-tipped darts
Armour
 i - a +0 helmet (worn)
   (You took it off Robin on level 3 of the Dungeon)
 B - a +2 robe of resistance (worn)
   (You took it off an orc sorcerer on level 1 of the Orcish Mines)
 G - a +0 pair of boots (worn)
   (You found it on level 4 of the Lair of Beasts)
 N - a +1 pair of gloves (worn)
   (You found it on level 8 of the Dungeon)
Magical Staves
 a - an uncursed staff of conjuration (weapon) {!a}
   (You bought it in a shop on level 8 of the Dungeon)
Jewellery
 f - the ring "Ciwn" (left hand) {+Inv +Fly rPois Int+6 Dex-5}
   (You acquired it on level 2 of the Lair of Beasts)

   [ring of flight]

   It affects your intelligence (+6).
   It affects your dexterity (-5).
   It protects you from poison.
   It lets you turn invisible.
   It lets you fly.
 o - a +4 ring of protection
   (You found it on level 1 of the Lair of Beasts)
 v - an uncursed ring of see invisible
   (You found it on level 1 of the Dungeon)
 C - a ring of ice (right hand)
   (You took it off Fannar on level 1 of the Orcish Mines)
 J - an amulet of magic regeneration (around neck)
   (You found it on level 7 of the Dungeon)
 S - an uncursed ring of protection from cold {unknown}
   (You found it in an ice cave)
Wands
 g - a wand of acid (18)
   (You found it on level 6 of the Dungeon)
 n - a wand of disintegration (23)
   (You took it off Ijyb on level 3 of the Dungeon)
 E - a wand of iceblast (25)
   (You found it on level 7 of the Dungeon)
 H - a wand of paralysis (23)
   (You found it on level 4 of the Lair of Beasts)
 K - a wand of flame (17)
   (You found it on level 5 of the Lair of Beasts)
 W - a wand of polymorph (6)
   (You found it in an ice cave)
Scrolls
 c - 2 scrolls of blinking {!r}
 e - 6 scrolls of remove curse {@r2}
 h - 5 scrolls of immolation {!r!r}
 q - 4 scrolls of magic mapping {!r}
 s - 6 scrolls of teleportation {@r4}
 y - 9 scrolls of fog
 z - 2 scrolls of fear
 A - a scroll of enchant armour
 F - a scroll of vulnerability {!r!r}
 M - a scroll of amnesia {unknown}
 P - a scroll of summoning {unknown}
Potions
 d - a potion of lignification {!q}
 j - 4 potions of might
 k - a potion of berserk rage {forbidden!q}
 l - 2 potions of attraction {!q}
 m - 3 potions of invisibility
 r - 3 potions of ambrosia
 t - 3 potions of magic
 w - 7 potions of curing {@q1}
 x - 5 potions of heal wounds {@q2}
 D - 2 potions of brilliance {unknown}
 I - a potion of mutation {unknown}
 O - 3 potions of resistance {unknown}
 Q - 4 potions of flight {unknown}
 U - a potion of cancellation {unknown}
Miscellaneous
 p - a tin of tremorstones (2/2)
   (You found it on level 3 of the Lair of Beasts)
 T - a box of beasts
   (You found it on level 10 of the Dungeon)
 V - a lightning rod (4/4)
   (You found it in an ice cave)

Dungeon Overview and Level Annotations

Branches:
Dungeon (10/15)            Temple (1/1) D:5            Lair (6/6) D:8
 Shoals (0/4) Lair:2       Spider (0/4) Lair:2        Slime (0/5) Lair:6
    Orc (1/2) D:9           Sewer (visited)           IceCv (visited)
Volcano (visited)

Altars:
Ashenzari
Cheibriados
Dithmenos
Elyvilon
Fedhas
Gozag
Hepliaklqana
Kikubaaqudgha
Makhleb
Nemelex Xobeh
Okawaru
Qazlal
Ru
Sif Muna
Trog
Uskayaw
Vehumet
Wu Jian
Xom
Yredelemnul
Zin
The Shining One
Beogh

Shops:
D:8 *   D:9 [   Orc:1 *!

Annotations:
D:10 3 runed translucent doors, Zeld's ghost, novice OpGl

,,,,,+,,,,,,,,,*,,,,,,,,,,,,,**,,
*,,,*,,,,,....**,,,,,.#,,,,,,*,*,
,,,,,,,,,,....#,**,*..*,,,,,,,*,,
,,,,,,,,,*#....**###.##.,,,,,,*,,
,,,*,*,***#....#*PP....,,,,,,,**,
*,***,,,**#...F.,....#*,**,,,,*,*
,,,,,*,,*.#.....#....#,,,,,,,,,**
,,,,,,,,,......#.#...+,⌠,,*,,,,,,
*,,,,,,,,.....#Y@D#..#*..,,,,,,,,
,,,,,,,,,......#Y#..#,#..,,*,***,
*,****,,,##.....#.§.##.#,,,,,,,,,
,,,* *,,,#.....÷.÷....#*,,,,,⌠,,,
*,****,,,###......Y...#,**,,,,,,,
*,,,,,,,,PP....÷.÷÷÷..##,,,⌠,,,⌠,
*,***,,,,......##÷÷....#**,,,,,,,
*,**,,,,,##.......÷.÷.###.,,,⌠,,,
,,,*,,,,,,##...###........,,,,,,,


You could see a catoblepas (poisoned), a six-headed hydra, 2 yaks and a cane
toad (wandering).


Message History

😎 MP[+1]
Your mp is fully restored (30).
Careful!
You are starting to lose your buoyancy.
Okay, then.
You can't survive in this terrain!
You fly above the water, but the process is draining.
You feel drained. 😎 HP[-5]
You now have 110 max hp (-5).
Okay, then.
You feel drained. 😎 HP[-6]
You now have 104 max hp (-6).
You feel drained. 😎 HP[-6]
You now have 98 max hp (-6).
You feel drained. 😎 HP[-5]
You now have 93 max hp (-5).
You feel drained. 😎 HP[-6]
You now have 87 max hp (-6).
You feel drained. 😎 HP[-6]
You now have 81 max hp (-6).
You feel drained. 😎 HP[-6]
You now have 75 max hp (-6).
You feel drained. 😎 HP[-6]
You now have 69 max hp (-6).
You feel drained. 😎 HP[-6]
You now have 63 max hp (-6).
You float gracefully downwards.
Partly explored, can't reach some places.
You feel very buoyant.
You fly up into the air.
Careful!
You are starting to lose your buoyancy.
You can't survive in this terrain!
You fly above the water, but the process is draining.
You feel drained. 😎 HP[-5]
You now have 58 max hp (-5).
You feel drained. 😎 HP[-5]
You now have 53 max hp (-5).
You feel drained. 😎 HP[-6]
You now have 47 max hp (-6).
You feel drained. 😎 HP[-5]
You now have 42 max hp (-5).
You feel drained. 😎 HP[-6]
You now have 36 max hp (-6).
You feel drained. 😎 HP[-5]
You now have 31 max hp (-5).
You float gracefully downwards.
Partly explored, can't reach some places.
Okay, then.
Okay, then.
There is an ice covered gate leading back out of this place here.
Okay, then.
Casting: Magic Dart (safe; 0% risk of failure)
Confirm with . or Enter, or press ? or * to list all spells.
You don't know that spell.
Casting: Magic Dart (safe; 0% risk of failure)
Confirm with . or Enter, or press ? or * to list all spells.
You don't know that spell.
Casting: Magic Dart (safe; 0% risk of failure)
Confirm with . or Enter, or press ? or * to list all spells.
You begin to radiate toxic energy. 😎 MP[-4]
You lost 4 mp, and now have 26/30 mp.
Casting: Olgreb's Toxic Radiance (safe; 1% risk of failure)
Confirm with . or Enter, or press ? or * to list all spells.
Your toxic radiance grows in intensity. 😎 MP[-3]
You lost 3 mp, and now have 23/30 mp.
You feel drained.
You fail to use your ability. 😎 HP[-7]
You now have 24 max hp (-7).
Unknown command.
You feel drained.
You fade into invisibility!
You are very lightly contaminated with residual magic. 😎 HP[-7] MP[-1]
You now have 17 max hp (-7).
You lost 1 mp, and now have 22/30 mp.
Welcome back to the Lair of Beasts!
A yak comes into view.
The yak is poisoned. x2; The catoblepas is poisoned.
Your toxic aura wanes.
The yak misses you. The six-headed hydra misses you.
The six-headed hydra completely misses you.
The six-headed hydra bites you. The six-headed hydra barely misses you.
The six-headed hydra completely misses you.
The six-headed hydra bites you. The catoblepas gores you!
Ouch! That really hurt!
You die...

Skill      XL: |  1  2  3  4  5  6  7  8  9 10 11 12 13 14 15 |
---------------+----------------------------------------------+-----
Spellcasting   | 5 6 7 8 9 10 11 | 11.1
Fighting       | 1 2 3 4 5 6 7 8 9 10 | 10.0
Short Blades   | 1 2 3 4 5 6 7 8 9 10 | 10.0
Long Blades    | 1 2 3 4 5 6 7 8 9 10 | 10.0
Axes           | 1 2 3 4 5 6 7 8 9 10 | 10.0
Maces & Flails | 1 2 3 4 5 6 7 8 9 10 | 10.0
Polearms       | 1 2 3 4 5 6 7 8 9 10 | 10.0
Staves         | 1 2 3 4 5 6 7 8 9 10 | 10.0
Slings         | 1 2 3 4 5 6 7 8 9 10 | 10.0
Bows           | 1 2 3 4 5 6 7 8 9 10 | 10.0
Crossbows      | 1 2 3 4 5 6 7 8 9 10 | 10.0
Throwing       | 1 2 3 4 5 6 7 8 9 10 | 10.0
Armour         | 1 2 3 4 5 6 7 8 9 10 | 10.0
Shields        | 1 2 3 4 5 6 7 8 9 10 | 10.0
Unarmed Combat | 1 2 3 4 5 6 7 8 9 10 | 10.0
Invocations    | 1 2 3 4 5 6 7 8 9 10 | 10.9
Evocations     | 1 2 3 4 5 6 7 8 9 10 | 10.0
Hexes          | 1 2 3 4 5 6 7 8 |  8.4
Summonings     | 1 2 3 4 5 6 7 8 |  8.4
Necromancy     | 1 2 3 4 5 6 7 8 |  8.4
Translocations | 1 2 3 4 5 6 7 8 |  8.4
Transmutations | 1 2 3 4 5 6 7 8 |  8.4
Fire Magic     | 1 2 3 4 5 6 7 8 |  8.4
Ice Magic      | 1 2 3 4 5 6 7 8 |  8.4
Air Magic      | 1 2 3 4 5 6 7 8 |  8.4
Earth Magic    | 1 2 3 4 5 6 7 8 |  8.4
Poison Magic   | 1 2 3 4 5 6 7 8 |  8.4
Dodging        | 5 6 7 8 9 10 11 | 11.0
Stealth        | 5 6 7 8 9 10 | 10.8
Conjurations   | 8 9 10 | 10.9

Action                   |  1- 3 |  4- 6 |  7- 9 | 10-12 | 13-15 || total
-------------------------+-------+-------+-------+-------+-------++-------
Melee: Unarmed           |     9 |       |       |       |       ||     9
       Dagger            |       |     9 |    33 |    43 |       ||    85
       Bite              |       |     1 |     2 |    13 |    24 ||    40
       Staff             |       |       |       |    26 |   149 ||   175
       Punch             |       |       |       |     1 |    12 ||    13
 Fire: Hunting sling     |       |       |       |   201 |   226 ||   427
 Cast: Magic Dart        |    51 |   133 |   206 |    15 |    26 ||   431
       Searing Ray       |       |     9 |    20 |     6 |    10 ||    45
       Iskenderun's Myst |       |       |     5 |    14 |     9 ||    28
       Olgreb's Toxic Ra |       |       |    13 |   102 |   139 ||   254
       Ignite Poison     |       |       |     8 |    36 |    34 ||    78
       Fulminant Prism   |       |       |       |     2 |       ||     2
       Summon Lightning  |       |       |       |       |    31 ||    31
       Bolt of Magma     |       |       |       |       |     4 ||     4
       Fireball          |       |       |       |       |     7 ||     7
 Abil: Evoke Flight      |       |       |       |       |     2 ||     2
       Evoke Invisibilit |       |       |       |       |     1 ||     1
Evoke: Wand              |       |     1 |     6 |     5 |       ||    12
  Use: Scroll            |       |       |    10 |    12 |    13 ||    35
       Potion            |       |       |       |     1 |       ||     1
 Stab: Distracted        |       |       |       |       |     1 ||     1
Armor: Robe              |     2 |     6 |     3 |     7 |    59 ||    77
Dodge: Dodged            |    13 |    10 |    61 |   100 |   310 ||   494

Levels and vault maps discovered:
D:1:      wander_arrival_lonely_grave, layout_loops_ring, minmay_bisected
D:2:      layout_basic, st_stairs_8, uniq_natasha
D:3:      layout_loops_ring, gammafunk_ghost_icy,
          hangedman_decor_clover_reticule, hex_tiny,
          cheibrodos_ashenzari_chains, uniq_robin, uniq_ijyb
D:4:      layout_basic, kennysheep_generic_room_7, uniq_edmund, uniq_menkaure
D:5:      layout_basic, minmay_temple_entry_arrows,
          cheibrodos_sewer_entry_drain, grunt_ministairs_8
D:6:      layout_cave_pods, uniq_pikel, uniq_sigmund, uniq_prince_ribbit1
D:7:      layout_basic, minmay_the_grid_2x2 [minmay_the_grid_outer_circle,
          minmay_the_grid_tiny_cups, minmay_the_grid_x,
          minmay_the_grid_prize_four_corners], uniq_joseph
D:8:      layout_cave_pods, grunt_lair_entry_orc_guard_hut,
          small_statue_intersection, minmay_misc_feat_roman,
          nicolae_two_hexagons, hangedman_decor_riveting, minivault_14,
          nicolae_blasting_shop
D:9:      layout_loops_corners, tgw_fedhas, david_orc_5, serial_shops,
          nicolae_shop_waterfront
D:10:     layout_basic, gammafunk_ghost_split, basic_altar, uniq_erica,
          uniq_erolcha
Temple:   minmay_crystal_snake_temple
Lair:1:   layout_chaotic_city
Lair:2:   layout_layer_cave, minmay_shoals_entry_lonely_mermaid,
          nicolae_spider_entry_non_spiders, enter_volcano_4
Lair:3:   layout_misc_corridors, serial_bayou_shore_a, lemuel_fruit_tree
Lair:4:   layout_misc_corridors, nicolae_lair_grove_arrangements,
          cheibrodos_lair_caveside_slide, eino_house_with_fridge,
          grunt_megastairs_5
Lair:5:   layout_layer_cave, st_stairs_8, lookout_lair_type,
          chequers_serial_rivers_micro_d, grunt_megastairs_3,
          lemuel_fruit_fields
Lair:6:   evilmike_catoblepas_cave, layout_regular_city, slime_altar_1,
          basic_altar, portal_ice_cave_entry_pillars_2, grunt_megastairs_4
Orc:1:    layout_caves, basic_altar, library_closet, guppyfry_orc_lava_fort,
          uniq_fannar

Notes
Turn   | Place    | Note
-------+----------+-------------------------------------------
     0 | D:1      | phalm the Gnoll Conjurer began the quest for the Orb.
     0 | D:1      | Reached XP level 1. HP: 13/13 MP: 6/6
     0 | D:1      | magus.rc [v1.9.10]
   288 | D:1      | Reached XP level 2. HP: 19/19 MP: 3/7
   737 | D:1      | Reached XP level 3. HP: 25/25 MP: 6/9
   816 | D:1      | Reached skill level 5 in Spellcasting
  1032 | D:2      | Reached skill level 1 in Fighting
  1032 | D:2      | Reached skill level 1 in Short Blades
  1032 | D:2      | Reached skill level 1 in Long Blades
  1032 | D:2      | Reached skill level 1 in Axes
  1032 | D:2      | Reached skill level 1 in Maces & Flails
  1032 | D:2      | Reached skill level 1 in Polearms
  1032 | D:2      | Reached skill level 1 in Staves
  1032 | D:2      | Reached skill level 1 in Slings
  1032 | D:2      | Reached skill level 1 in Bows
  1032 | D:2      | Reached skill level 1 in Crossbows
  1032 | D:2      | Reached skill level 1 in Throwing
  1032 | D:2      | Reached skill level 1 in Armour
  1032 | D:2      | Reached skill level 1 in Shields
  1032 | D:2      | Reached skill level 1 in Unarmed Combat
  1032 | D:2      | Reached skill level 1 in Invocations
  1032 | D:2      | Reached skill level 1 in Evocations
  1032 | D:2      | Reached XP level 4. HP: 24/32 MP: 2/11
  1111 | D:2      | Learned a level 2 spell: Searing Ray
  1116 | D:2      | Learned a level 4 spell: Fulminant Prism
  1121 | D:2      | Learned a level 4 spell: Iskenderun's Mystic Blast
  1321 | D:2      | Reached skill level 1 in Hexes
  1321 | D:2      | Reached skill level 1 in Summonings
  1321 | D:2      | Reached skill level 1 in Necromancy
  1321 | D:2      | Reached skill level 1 in Translocations
  1321 | D:2      | Reached skill level 1 in Transmutations
  1321 | D:2      | Reached skill level 1 in Fire Magic
  1321 | D:2      | Reached skill level 1 in Ice Magic
  1321 | D:2      | Reached skill level 1 in Air Magic
  1321 | D:2      | Reached skill level 1 in Earth Magic
  1321 | D:2      | Reached skill level 1 in Poison Magic
  1612 | D:2      | Reached XP level 5. HP: 37/37 MP: 0/12
  1831 | D:2      | Noticed Natasha
  1836 | D:2      | Killed Natasha
  2102 | D:2      | Noticed Natasha
  2106 | D:2      | Killed Natasha
  2263 | D:3      | Noticed Ijyb
  2287 | D:2      | Noticed Natasha
  2291 | D:2      | Killed Natasha
  2438 | D:3      | Killed Ijyb
  2439 | D:3      | Reached skill level 2 in Invocations
  2439 | D:3      | Reached XP level 6. HP: 44/44 MP: 8/13
  2483 | D:3      | Noticed Robin
  2531 | D:3      | HP: 5/44 [goblin/+2 dagger of electrocution[Robin] (13)]
  2535 | D:3      | Killed Robin
  2887 | D:3      | Found a runed translucent gate.
  2889 | D:3      | Found a runed translucent gate.
  2903 | D:3      | Found a runed translucent gate.
  3141 | D:3      | Noticed Pepete's ghost (amateur DENe)
  3270 | D:3      | Found a broken altar of Ashenzari.
  3729 | D:3      | Killed Pepete's ghost
  3730 | D:3      | Reached skill level 2 in Fighting
  3730 | D:3      | Reached skill level 2 in Short Blades
  3730 | D:3      | Reached skill level 2 in Long Blades
  3730 | D:3      | Reached skill level 2 in Axes
  3730 | D:3      | Reached skill level 2 in Maces & Flails
  3730 | D:3      | Reached skill level 2 in Polearms
  3730 | D:3      | Reached skill level 2 in Staves
  3730 | D:3      | Reached skill level 2 in Slings
  3730 | D:3      | Reached skill level 2 in Bows
  3730 | D:3      | Reached skill level 2 in Crossbows
  3730 | D:3      | Reached skill level 2 in Throwing
  3730 | D:3      | Reached skill level 2 in Armour
  3730 | D:3      | Reached skill level 5 in Dodging
  3730 | D:3      | Reached skill level 2 in Shields
  3730 | D:3      | Reached skill level 2 in Unarmed Combat
  3730 | D:3      | Reached skill level 2 in Evocations
  3730 | D:3      | Reached XP level 7. HP: 50/50 MP: 7/15
  4365 | D:4      | Noticed Menkaure
  4375 | D:4      | Killed Menkaure
  4376 | D:4      | Reached skill level 2 in Hexes
  4376 | D:4      | Reached skill level 2 in Summonings
  4376 | D:4      | Reached skill level 2 in Necromancy
  4376 | D:4      | Reached skill level 2 in Translocations
  4376 | D:4      | Reached skill level 2 in Transmutations
  4376 | D:4      | Reached skill level 2 in Fire Magic
  4376 | D:4      | Reached skill level 2 in Ice Magic
  4376 | D:4      | Reached skill level 2 in Air Magic
  4376 | D:4      | Reached skill level 2 in Earth Magic
  4376 | D:4      | Reached skill level 2 in Poison Magic
  4560 | D:4      | Reached skill level 5 in Stealth
  4599 | D:4      | Reached skill level 3 in Invocations
  5057 | D:4      | You pick up a book of Maledictions and begin reading...
  5057 | D:4      | You add the spells Corona, Ensorcelled Hibernation,
                  | Confusing Touch and Tukima's Dance to your library.
  5363 | D:4      | Noticed Edmund
  5379 | D:4      | Killed Edmund
  5380 | D:4      | Reached XP level 8. HP: 32/57 MP: 1/16
  5614 | D:5      | Entered Level 5 of the Dungeon
  5628 | D:5      | Reached skill level 3 in Fighting
  5628 | D:5      | Reached skill level 3 in Short Blades
  5628 | D:5      | Reached skill level 3 in Long Blades
  5628 | D:5      | Reached skill level 3 in Axes
  5628 | D:5      | Reached skill level 3 in Maces & Flails
  5628 | D:5      | Reached skill level 3 in Polearms
  5628 | D:5      | Reached skill level 3 in Staves
  5628 | D:5      | Reached skill level 3 in Slings
  5628 | D:5      | Reached skill level 3 in Bows
  5628 | D:5      | Reached skill level 3 in Crossbows
  5628 | D:5      | Reached skill level 3 in Throwing
  5628 | D:5      | Reached skill level 3 in Armour
  5628 | D:5      | Reached skill level 3 in Shields
  5628 | D:5      | Reached skill level 3 in Unarmed Combat
  5628 | D:5      | Reached skill level 3 in Evocations
  5675 | D:5      | Found a glowing drain.
  5689 | Sewer    | Entered a sewer
  6104 | Sewer    | You add the spells Sting, Poisonous Vapours, Mephitic
                  | Cloud, Ignite Poison and Olgreb's Toxic Radiance to your
                  | library.
  6110 | Sewer    | Learned a level 4 spell: Olgreb's Toxic Radiance
  6114 | Sewer    | Learned a level 3 spell: Ignite Poison
  6430 | Sewer    | Reached skill level 6 in Spellcasting
  6844 | D:5      | Found a staircase to the Ecumenical Temple.
  6849 | Temple   | Entered the Ecumenical Temple
  7069 | Temple   | Became a worshipper of Cheibriados the Contemplative
  7605 | D:5      | Reached skill level 4 in Invocations
  7788 | D:6      | Reached skill level 3 in Hexes
  7788 | D:6      | Reached skill level 3 in Summonings
  7788 | D:6      | Reached skill level 3 in Necromancy
  7788 | D:6      | Reached skill level 3 in Translocations
  7788 | D:6      | Reached skill level 3 in Transmutations
  7788 | D:6      | Reached skill level 3 in Fire Magic
  7788 | D:6      | Reached skill level 3 in Ice Magic
  7788 | D:6      | Reached skill level 3 in Air Magic
  7788 | D:6      | Reached skill level 3 in Earth Magic
  7788 | D:6      | Reached skill level 3 in Poison Magic
  7822 | D:6      | Reached skill level 6 in Dodging
  7897 | D:6      | Reached XP level 9. HP: 57/65 MP: 9/18
  8008 | D:6      | Noticed Prince Ribbit
  8020 | D:6      | Killed Prince Ribbit
  8021 | D:6      | Reached skill level 4 in Fighting
  8021 | D:6      | Reached skill level 4 in Short Blades
  8021 | D:6      | Reached skill level 4 in Long Blades
  8021 | D:6      | Reached skill level 4 in Axes
  8021 | D:6      | Reached skill level 4 in Maces & Flails
  8021 | D:6      | Reached skill level 4 in Polearms
  8021 | D:6      | Reached skill level 4 in Staves
  8021 | D:6      | Reached skill level 4 in Slings
  8021 | D:6      | Reached skill level 4 in Bows
  8021 | D:6      | Reached skill level 4 in Crossbows
  8021 | D:6      | Reached skill level 4 in Throwing
  8021 | D:6      | Reached skill level 4 in Armour
  8021 | D:6      | Reached skill level 4 in Shields
  8021 | D:6      | Reached skill level 4 in Unarmed Combat
  8021 | D:6      | Reached skill level 4 in Evocations
  8537 | D:6      | Reached skill level 6 in Stealth
  8537 | D:6      | Reached skill level 8 in Conjurations
  9034 | D:6      | Noticed Pikel
  9099 | D:6      | Killed Pikel
  9304 | D:6      | Noticed Sigmund
  9307 | D:6      | Killed Sigmund
  9308 | D:6      | Reached skill level 5 in Invocations
  9446 | D:7      | Reached * piety under Cheibriados
  9615 | D:7      | Noticed a red ugly thing
  9620 | D:7      | Reached skill level 7 in Spellcasting
  9622 | D:7      | Reached XP level 10. HP: 44/73 MP: 1/20
  9624 | D:7      | Killed a red ugly thing
  9625 | D:7      | Reached skill level 5 in Fighting
  9625 | D:7      | Reached skill level 5 in Short Blades
  9625 | D:7      | Reached skill level 5 in Long Blades
  9625 | D:7      | Reached skill level 5 in Axes
  9625 | D:7      | Reached skill level 5 in Maces & Flails
  9625 | D:7      | Reached skill level 5 in Polearms
  9625 | D:7      | Reached skill level 5 in Staves
  9625 | D:7      | Reached skill level 5 in Slings
  9625 | D:7      | Reached skill level 5 in Bows
  9625 | D:7      | Reached skill level 5 in Crossbows
  9625 | D:7      | Reached skill level 5 in Throwing
  9625 | D:7      | Reached skill level 5 in Armour
  9625 | D:7      | Reached skill level 5 in Shields
  9625 | D:7      | Reached skill level 5 in Unarmed Combat
  9625 | D:7      | Reached skill level 4 in Hexes
  9625 | D:7      | Reached skill level 4 in Summonings
  9625 | D:7      | Reached skill level 4 in Necromancy
  9625 | D:7      | Reached skill level 4 in Translocations
  9625 | D:7      | Reached skill level 4 in Transmutations
  9625 | D:7      | Reached skill level 4 in Fire Magic
  9625 | D:7      | Reached skill level 4 in Ice Magic
  9625 | D:7      | Reached skill level 4 in Air Magic
  9625 | D:7      | Reached skill level 4 in Earth Magic
  9625 | D:7      | Reached skill level 4 in Poison Magic
  9625 | D:7      | Reached skill level 5 in Evocations
  9945 | D:7      | Reached skill level 7 in Dodging
  9951 | D:7      | HP: 10/74 [troll (15)]
  9985 | D:7      | HP: 17/74 [bullfrog (7)]
  9991 | D:7      | HP: 3/74 [bullfrog (7)]
  9992 | D:7      | HP: 1/74 [bullfrog (2)]
 10440 | D:7      | Reached ** piety under Cheibriados
 10700 | D:7      | Noticed Joseph
 10703 | D:7      | Killed Joseph
 10704 | D:7      | Reached skill level 7 in Stealth
 10704 | D:7      | Reached skill level 6 in Invocations
 12044 | D:8      | Found Arask's Demolitions Depot.
 12054 | D:8      | Bought an uncursed staff of conjuration for 400 gold pieces
 12199 | D:8      | Reached *** piety under Cheibriados
 12266 | D:8      | Reached XP level 11. HP: 81/81 MP: 17/22
 12546 | D:8      | Found a staircase to the Lair.
 13203 | D:9      | Reached skill level 6 in Fighting
 13203 | D:9      | Reached skill level 6 in Short Blades
 13203 | D:9      | Reached skill level 6 in Long Blades
 13203 | D:9      | Reached skill level 6 in Axes
 13203 | D:9      | Reached skill level 6 in Maces & Flails
 13203 | D:9      | Reached skill level 6 in Polearms
 13203 | D:9      | Reached skill level 6 in Staves
 13203 | D:9      | Reached skill level 6 in Slings
 13203 | D:9      | Reached skill level 6 in Bows
 13203 | D:9      | Reached skill level 6 in Crossbows
 13203 | D:9      | Reached skill level 6 in Throwing
 13203 | D:9      | Reached skill level 6 in Armour
 13203 | D:9      | Reached skill level 6 in Shields
 13203 | D:9      | Reached skill level 6 in Unarmed Combat
 13203 | D:9      | Reached skill level 6 in Evocations
 13233 | D:9      | Found Uzxemm's Antique Armour Shop.
 13341 | D:9      | Found a blossoming altar of Fedhas.
 13362 | D:9      | Noticed an oklob plant
 13375 | D:9      | Killed an oklob plant
 13376 | D:9      | Reached skill level 5 in Hexes
 13376 | D:9      | Reached skill level 5 in Summonings
 13376 | D:9      | Reached skill level 5 in Necromancy
 13376 | D:9      | Reached skill level 5 in Translocations
 13376 | D:9      | Reached skill level 5 in Transmutations
 13376 | D:9      | Reached skill level 5 in Fire Magic
 13376 | D:9      | Reached skill level 5 in Ice Magic
 13376 | D:9      | Reached skill level 5 in Air Magic
 13376 | D:9      | Reached skill level 5 in Earth Magic
 13376 | D:9      | Reached skill level 5 in Poison Magic
 13482 | D:9      | Found a roughly hewn altar of Beogh.
 13482 | D:9      | Found a staircase to the Orcish Mines.
 13551 | D:9      | Reached **** piety under Cheibriados
 13570 | D:9      | Reached skill level 8 in Spellcasting
 14669 | D:10     | Entered Level 10 of the Dungeon
 14782 | D:10     | Found a runed translucent gate.
 14783 | D:10     | Found a runed translucent gate.
 14783 | D:10     | Found a runed translucent gate.
 14783 | D:10     | Noticed Zeld's ghost (novice OpGl)
 14875 | D:10     | Noticed Erolcha
 14883 | D:10     | Killed Erolcha
 14972 | D:10     | Noticed Erica
 14977 | D:10     | Killed Erica
 14978 | D:10     | Reached skill level 8 in Dodging
 14978 | D:10     | Reached skill level 9 in Conjurations
 14978 | D:10     | Reached skill level 7 in Invocations
 15064 | D:10     | Reached ***** piety under Cheibriados
 15177 | D:10     | Found a white marble altar of Elyvilon.
 15409 | Orc:1    | Entered Level 1 of the Orcish Mines
 15409 | Orc:1    | Noticed an orc sorcerer
 15409 | Orc:1    | Noticed a two-headed ogre
 15409 | Orc:1    | Noticed a two-headed ogre
 15411 | Orc:1    | Noticed an ogre mage
 15411 | Orc:1    | Noticed a two-headed ogre
 15413 | Orc:1    | Killed a two-headed ogre
 15413 | Orc:1    | Killed an orc sorcerer
 15413 | Orc:1    | Killed an ogre mage
 15414 | Orc:1    | Reached skill level 8 in Stealth
 15414 | Orc:1    | Noticed a two-headed ogre
 15415 | Orc:1    | Killed a two-headed ogre
 15416 | Orc:1    | Noticed Fannar
 15513 | Orc:1    | Reached XP level 12. HP: 89/89 MP: 11/24
 15516 | Orc:1    | Killed a two-headed ogre
 15517 | D:9      | Killed a two-headed ogre
 15518 | D:9      | Reached skill level 7 in Fighting
 15518 | D:9      | Reached skill level 7 in Short Blades
 15518 | D:9      | Reached skill level 7 in Long Blades
 15518 | D:9      | Reached skill level 7 in Axes
 15518 | D:9      | Reached skill level 7 in Maces & Flails
 15518 | D:9      | Reached skill level 7 in Polearms
 15518 | D:9      | Reached skill level 7 in Staves
 15518 | D:9      | Reached skill level 7 in Slings
 15518 | D:9      | Reached skill level 7 in Bows
 15518 | D:9      | Reached skill level 7 in Crossbows
 15518 | D:9      | Reached skill level 7 in Throwing
 15518 | D:9      | Reached skill level 7 in Armour
 15518 | D:9      | Reached skill level 7 in Shields
 15518 | D:9      | Reached skill level 7 in Unarmed Combat
 15518 | D:9      | Reached skill level 7 in Evocations
 15592 | Orc:1    | Killed Fannar
 15694 | Orc:1    | Found a roughly hewn altar of Beogh.
 15799 | Orc:1    | Reached skill level 6 in Hexes
 15799 | Orc:1    | Reached skill level 6 in Summonings
 15799 | Orc:1    | Reached skill level 6 in Necromancy
 15799 | Orc:1    | Reached skill level 6 in Translocations
 15799 | Orc:1    | Reached skill level 6 in Transmutations
 15799 | Orc:1    | Reached skill level 6 in Fire Magic
 15799 | Orc:1    | Reached skill level 6 in Ice Magic
 15799 | Orc:1    | Reached skill level 6 in Air Magic
 15799 | Orc:1    | Reached skill level 6 in Earth Magic
 15799 | Orc:1    | Reached skill level 6 in Poison Magic
 15802 | Orc:1    | Noticed an orc warlord
 15810 | Orc:1    | Killed an orc warlord
 15811 | Orc:1    | Reached skill level 9 in Spellcasting
 15811 | Orc:1    | Reached skill level 8 in Invocations
 16153 | Orc:1    | Noticed an orc high priest
 16161 | Orc:1    | Killed an orc high priest
 16182 | Orc:1    | Reached skill level 9 in Dodging
 16447 | Orc:1    | Found Onluacs's Distillery.
 16451 | Orc:1    | Found Vynufaw's General Store.
 16638 | Orc:1    | You pick up a book of the Sky and begin reading...
 16638 | Orc:1    | You add the spells Summon Lightning Spire, Silence, Conjure
                  | Ball Lightning and Tornado to your library.
 16640 | Orc:1    | You pick up a book of Party Tricks and begin reading...
 16640 | Orc:1    | You add the spells Apportation, Lesser Beckoning,
                  | Alistair's Intoxication and Invisibility to your library.
 16642 | Orc:1    | You pick up a book of Power and begin reading...
 16642 | Orc:1    | You add the spells Iskenderun's Battlesphere, Bolt of
                  | Magma, Iron Shot, Orb of Destruction and Spellforged
                  | Servitor to your library.
 16648 | Orc:1    | Learned a level 4 spell: Summon Lightning Spire
 16654 | Orc:1    | Learned a level 5 spell: Bolt of Magma
 16688 | Orc:1    | Reached skill level 9 in Stealth
 16688 | Orc:1    | Reached XP level 13. HP: 98/98 MP: 19/26
 16824 | D:9      | Bought a faintly humming leather armour for 203 gold pieces
 16834 | D:9      | Identified the +0 leather armour of Parts Unknown {Will+}
                  | (You bought it in a shop on level 9 of the Dungeon)
 16881 | Lair:1   | Entered Level 1 of the Lair of Beasts
 16995 | Lair:1   | Reached ****** piety under Cheibriados
 16996 | Lair:1   | Reached skill level 8 in Fighting
 16996 | Lair:1   | Reached skill level 8 in Short Blades
 16996 | Lair:1   | Reached skill level 8 in Long Blades
 16996 | Lair:1   | Reached skill level 8 in Axes
 16996 | Lair:1   | Reached skill level 8 in Maces & Flails
 16996 | Lair:1   | Reached skill level 8 in Polearms
 16996 | Lair:1   | Reached skill level 8 in Staves
 16996 | Lair:1   | Reached skill level 8 in Slings
 16996 | Lair:1   | Reached skill level 8 in Bows
 16996 | Lair:1   | Reached skill level 8 in Crossbows
 16996 | Lair:1   | Reached skill level 8 in Throwing
 16996 | Lair:1   | Reached skill level 8 in Armour
 16996 | Lair:1   | Reached skill level 8 in Shields
 16996 | Lair:1   | Reached skill level 8 in Unarmed Combat
 16996 | Lair:1   | Reached skill level 8 in Evocations
 17697 | Lair:1   | Reached skill level 9 in Invocations
 17804 | Lair:1   | You pick up a book of Callings and begin reading...
 17804 | Lair:1   | You add the spells Summon Small Mammal, Call Imp, Call
                  | Canine Familiar, Summon Guardian Golem and Summon Ice Beast
                  | to your library.
 17896 | Lair:1   | You pick up a book of Geomancy and begin reading...
 17896 | Lair:1   | You add the spells Sandblast, Passwall, Stone Arrow,
                  | Petrify and Lee's Rapid Deconstruction to your library.
 18107 | Lair:2   | Reached skill level 10 in Conjurations
 18108 | Lair:2   | Found a hole to the Spider Nest.
 18141 | Lair:2   | Found a dark tunnel.
 18146 | Volcano  | Entered a volcano
 18217 | Volcano  | Reached skill level 7 in Hexes
 18217 | Volcano  | Reached skill level 7 in Summonings
 18217 | Volcano  | Reached skill level 7 in Necromancy
 18217 | Volcano  | Reached skill level 7 in Translocations
 18217 | Volcano  | Reached skill level 7 in Transmutations
 18217 | Volcano  | Reached skill level 7 in Fire Magic
 18217 | Volcano  | Reached skill level 7 in Ice Magic
 18217 | Volcano  | Reached skill level 7 in Air Magic
 18217 | Volcano  | Reached skill level 7 in Earth Magic
 18217 | Volcano  | Reached skill level 7 in Poison Magic
 18910 | Lair:2   | You pick up a book of Party Tricks and begin reading...
 19088 | Lair:2   | Reached skill level 10 in Spellcasting
 19169 | Lair:2   | Found a staircase to the Shoals.
 19469 | Lair:2   | Got a fine scale mail
 19480 | Lair:2   | Identified the cursed +1 scale mail of Naotzaf {rElec
                  | Will+} (You found it on level 2 of the Lair of Beasts)
 19510 | Lair:2   | Identified 3 scrolls of acquirement
 19512 | Lair:2   | Acquired 893 gold pieces
 19513 | Lair:2   | Acquired the ring "Ciwn" {+Inv +Fly rPois Int+6 Dex-5}
 19524 | Lair:2   | Acquired a book of Flames
 19525 | Lair:2   | You pick up a book of Flames and begin reading...
 19525 | Lair:2   | You add the spells Foxfire, Conjure Flame, Inner Flame,
                  | Sticky Flame and Fireball to your library.
 19532 | Lair:2   | Learned a level 5 spell: Fireball
 20325 | Lair:3   | Reached XP level 14. HP: 106/106 MP: 25/28
 20433 | Lair:3   | Reached skill level 10 in Dodging
 20873 | Lair:3   | Reached skill level 9 in Fighting
 20873 | Lair:3   | Reached skill level 9 in Short Blades
 20873 | Lair:3   | Reached skill level 9 in Long Blades
 20873 | Lair:3   | Reached skill level 9 in Axes
 20873 | Lair:3   | Reached skill level 9 in Maces & Flails
 20873 | Lair:3   | Reached skill level 9 in Polearms
 20873 | Lair:3   | Reached skill level 9 in Staves
 20873 | Lair:3   | Reached skill level 9 in Slings
 20873 | Lair:3   | Reached skill level 9 in Bows
 20873 | Lair:3   | Reached skill level 9 in Crossbows
 20873 | Lair:3   | Reached skill level 9 in Throwing
 20873 | Lair:3   | Reached skill level 9 in Armour
 20873 | Lair:3   | Reached skill level 9 in Shields
 20873 | Lair:3   | Reached skill level 9 in Unarmed Combat
 20873 | Lair:3   | Reached skill level 9 in Evocations
 21039 | Lair:4   | Reached skill level 10 in Stealth
 21193 | Lair:4   | Reached skill level 10 in Invocations
 21686 | Lair:4   | You pick up a book of Hexes and begin reading...
 21686 | Lair:4   | You add the spells Cause Fear, Yara's Violent Unravelling
                  | and Discord to your library.
 21734 | Lair:4   | You pick up a book of Geomancy and begin reading...
 23000 | Lair:5   | Reached skill level 8 in Hexes
 23000 | Lair:5   | Reached skill level 8 in Summonings
 23000 | Lair:5   | Reached skill level 8 in Necromancy
 23000 | Lair:5   | Reached skill level 8 in Translocations
 23000 | Lair:5   | Reached skill level 8 in Transmutations
 23000 | Lair:5   | Reached skill level 8 in Fire Magic
 23000 | Lair:5   | Reached skill level 8 in Ice Magic
 23000 | Lair:5   | Reached skill level 8 in Air Magic
 23000 | Lair:5   | Reached skill level 8 in Earth Magic
 23000 | Lair:5   | Reached skill level 8 in Poison Magic
 23961 | Lair:6   | Entered Level 6 of the Lair of Beasts
 24041 | Lair:6   | Found a frozen archway.
 24048 | Lair:6   | Reached XP level 15. HP: 110/115 MP: 11/29
 24077 | IceCv    | Entered an ice cave
 24342 | IceCv    | Reached skill level 11 in Spellcasting
 24878 | IceCv    | Reached skill level 10 in Fighting
 24878 | IceCv    | Reached skill level 10 in Short Blades
 24878 | IceCv    | Reached skill level 10 in Long Blades
 24878 | IceCv    | Reached skill level 10 in Axes
 24878 | IceCv    | Reached skill level 10 in Maces & Flails
 24878 | IceCv    | Reached skill level 10 in Polearms
 24878 | IceCv    | Reached skill level 10 in Staves
 24878 | IceCv    | Reached skill level 10 in Slings
 24878 | IceCv    | Reached skill level 10 in Bows
 24878 | IceCv    | Reached skill level 10 in Crossbows
 24878 | IceCv    | Reached skill level 10 in Throwing
 24878 | IceCv    | Reached skill level 10 in Armour
 24878 | IceCv    | Reached skill level 10 in Shields
 24878 | IceCv    | Reached skill level 10 in Unarmed Combat
 24878 | IceCv    | Reached skill level 10 in Evocations
 24961 | IceCv    | Noticed a frost giant
 24967 | IceCv    | Killed a frost giant
 24968 | IceCv    | Reached skill level 11 in Dodging
 25349 | Lair:6   | Slain by a catoblepas

Vanquished Creatures
  An orc warlord (Orc:1)
  Erolcha (D:10)
  Fannar (Orc:1)
  5 hydras
  A boulder beetle (Lair:6)
  Erica (D:10)
  4 two-headed ogres
  6 death yaks
  An ogre mage (Orc:1)
  A hell knight (Volcano)
  An orc high priest (Orc:1)
  A necromancer (Lair:4)
  Pikel (D:6)
  8 orc knights (Orc:1)
  An ugly thing (D:7)
  An oklob plant (D:9)
  4 salamanders (Volcano)
  A manticore (Lair:6)
  3 orc sorcerers (Orc:1)
  An ice statue (IceCv)
  Joseph (D:7)
  A merfolk siren (Lair:2)
  18 elephants
  A black mamba (Lair:1)
  A torpor snail (Lair:5)
  7 cane toads
  3 rime drakes
  11 komodo dragons
  14 polar bears
  Prince Ribbit (D:6)
  A troll (D:7)
  16 blink frogs
  4 dream sheep (Lair:5)
  Sigmund (D:6)
  The ghost of Pepete the Grave Robber, an amateur DENe (D:3)
  75 yaks
  2 wyverns
  A basilisk (Lair:1)
  4 wargs (Orc:1)
  Edmund (D:4)
  Menkaure (D:4)
  An acid dragon (D:7)
  12 water moccasins
  5 black bears
  21 orc warriors
  4 ice beasts
  A necrophage (D:7)
  10 ogres
  4 sky beasts
  A phantom (D:9)
  23 wolves
  3 centaurs
  4 lemures (D:6)
  22 bullfrogs
  5 scorpions
  6 killer bees (D:7)
  4 wights
  5 howler monkeys
  An electric eel (D:8)
  A centaur zombie (D:7)
  2 quasits
  2 hounds
  10 orc priests
  A centaur skeleton (D:7)
  2 jellies
  19 orc wizards
  Ijyb (D:3)
  4 iguanas
  Natasha (thrice) (D:2)
  6 worker ants
  6 polar bear simulacra (Lair:4)
  3 yak simulacra (Lair:4)
  A wolf simulacrum (Lair:4)
  A hound skeleton (D:7)
  Robin (D:3)
  6 gnolls
  12 adders
  6 river rats (Sewer)
  A shadow imp (D:6)
  2 white imps (D:5)
  An ufetubus (D:7)
  An adder skeleton (D:2)
  9 worms
  2 adder simulacra (D:3)
  6 leopard geckos
  67 orcs
  8 giant cockroaches
  13 goblins
  10 hobgoblins
  10 jackals
  6 quokkas
  16 ball pythons
  7 bats
  7 frilled lizards
  A jackal skeleton (D:5)
  A jackal zombie (D:7)
  9 kobolds
  A leopard gecko simulacrum (D:3)
  A leopard gecko zombie (D:7)
  A quokka simulacrum (D:3)
  2 quokka skeletons
  27 rats
  A river rat simulacrum (Lair:4)
638 creatures vanquished.

Vanquished Creatures (collateral kills)
  A frost giant (IceCv)
  A salamander mystic (Volcano)
  3 elephants
  A salamander (Volcano)
  2 black mambas
  3 cane toads
  A rime drake (Lair:5)
  A polar bear (IceCv)
  2 blink frogs
  3 dream sheep (Lair:5)
  15 yaks
  3 water moccasins
  2 wolves
  2 bullfrogs (Lair:2)
  A scorpion (Lair:2)
41 creatures vanquished.

Vanquished Creatures (others)
  A wolf (Lair:6)
  2 fulminant prisms (D:9)
  42 fungi
  51 plants
  11 toadstools (D:9)
107 creatures vanquished.

Grand Total: 786 creatures vanquished

Table legend:
 A = Non-vault XP
 B = Vault XP
 C = Vault XP percentage of total XP
 D = Non-vault monster count
 E = Vault monster count
 F = Vault count percentage of total count
                 A         B        C        D         E       F
            +---------+---------+-------+---------+---------+-------
      Total |   64299 |   40773 |  38.8 |     425 |     251 |  37.1
            +---------+---------+-------+---------+---------+-------
        D:1 |      40 |       3 |   7.0 |      22 |       2 |   8.3
        D:2 |     221 |      36 |  14.0 |      35 |       2 |   5.4
        D:3 |      36 |     293 |  89.1 |      18 |      14 |  43.8
        D:4 |     280 |     315 |  52.9 |      23 |       2 |   8.0
        D:5 |     420 |     138 |  24.7 |      12 |       4 |  25.0
        D:6 |     853 |    1146 |  57.3 |      15 |       3 |  16.7
        D:7 |    1570 |    2608 |  62.4 |      28 |      20 |  41.7
        D:8 |     867 |     766 |  46.9 |      19 |       6 |  24.0
        D:9 |    1969 |    1351 |  40.7 |      22 |      23 |  51.1
       D:10 |     396 |    1961 |  83.2 |      11 |       2 |  15.4
     Lair:1 |    7610 |       0 |   0.0 |      31 |       0 |   0.0
     Lair:2 |    7026 |     764 |   9.8 |      29 |       9 |  23.7
     Lair:3 |    7942 |     279 |   3.4 |      32 |       1 |   3.0
     Lair:4 |    7334 |    2545 |  25.8 |      19 |      20 |  51.3
     Lair:5 |   13393 |    1058 |   7.3 |      41 |       7 |  14.6
     Lair:6 |    5645 |    2801 |  33.2 |      24 |       9 |  27.3
      Orc:1 |    8697 |    7760 |  47.2 |      44 |      19 |  30.2
      Sewer |       0 |     344 | 100.0 |       0 |      48 | 100.0
      IceCv |       0 |   12724 | 100.0 |       0 |      53 | 100.0
    Volcano |       0 |    3881 | 100.0 |       0 |       7 | 100.0
            +---------+---------+-------+---------+---------+-------

Illustrated notes

Table legend:
 A = Kills in this place as a percentage of kills in entire the game.
 B = Kills by you in this place as a percentage of kills by you in the entire game.
 C = Kills by friends in this place as a percentage of kills by friends in the entire game.
 D = Other kills in this place as a percentage of other kills in the entire game.
 E = Experience gained in this place as a percentage of experience gained in the entire game.
 F = Experience gained in this place divided by the number of levels of this place that you have seen.
                   A       B       C       D       E      F
               +-------+-------+-------+-------+-------+----------------------
         Total | 100.0 | 100.0 | 100.0 | 100.0 | 100.0 | 5003.4
       Dungeon |  41.9 |  44.6 |   0.0 |   0.0 |  14.5 | 1526.9
          Lair |  32.8 |  30.0 |  75.6 | 100.0 |  53.7 | 9399.5
  Orcish Mines |   9.3 |   9.9 |   0.0 |   0.0 |  15.7 | 16457.0
         Sewer |   7.1 |   7.6 |   0.0 |   0.0 |   0.3 | 344.0
      Ice Cave |   7.8 |   7.1 |  19.5 |   0.0 |  12.1 | 12724.0
       Volcano |   1.0 |   0.8 |   4.9 |   0.0 |   3.7 | 3881.0
               +-------+-------+-------+-------+-------+----------------------

Table legend: (Time is in decaauts)
 A = Elapsed time spent in this place.
 B = Non-inter-level travel time spent in this place.
 C = Inter-level travel time spent in this place.
 D = Time resting spent in this place.
 E = Time spent auto-exploring this place.
 F = Levels seen in this place.
 G = Mean time per level.
                   A        B        C        D        E       F      G
               +--------+--------+--------+--------+--------+-----+--------+
         Total |  33136 |  31034 |   2102 |    174 |  27284 |  21 | 1577.9 |
       Dungeon |  17407 |  15906 |   1501 |     34 |  14408 |  10 | 1740.7 |
        Temple |    239 |    196 |     43 |      0 |    188 |   1 |  239.0 |
          Lair |  10499 |   9961 |    538 |    140 |   8767 |   6 | 1749.8 |
  Orcish Mines |   1586 |   1568 |     18 |      0 |   1256 |   1 | 1586.0 |
         Sewer |    952 |    952 |      0 |      0 |    815 |   1 |  952.0 |
      Ice Cave |   1775 |   1775 |      0 |      0 |   1268 |   1 | 1775.0 |
       Volcano |    677 |    677 |      0 |      0 |    580 |   1 |  677.0 |
               +--------+--------+--------+--------+--------+-----+--------+

Top non-repeatable levels by time:
  Lair:5: 2914 daAuts
     D:7: 2738 daAuts
     D:9: 2666 daAuts
  Lair:2: 2548 daAuts
     D:6: 2004 daAuts
     D:4: 1976 daAuts
  Lair:3: 1947 daAuts
   IceCv: 1775 daAuts
  Lair:1: 1745 daAuts
     D:8: 1631 daAuts
   Orc:1: 1586 daAuts
     D:3: 1445 daAuts
     D:2: 1413 daAuts
  Lair:4: 1286 daAuts
     D:5: 1280 daAuts
